 Dungeon Sprint DCSS version 0.29-a0-360-g8ed1089bbe (webtiles) character file.

Game seed: 14002241886328455679

16 HendSelp the Carver (level 2, -7/19 HPs)
             Began as a Tengu Monk on Apr 28, 2022.
             Was a Believer of Wu Jian.
             Mangled by a spriggan
             ... wielding a +0 dagger
              (14 damage)
             ... in the Dungeon (Sprint V: "Ziggurat Sprint").
             The game lasted 00:00:40 (86 turns).

HendSelp the Carver (Tengu Monk)                      Turns: 86, Time: 00:00:41

Health: -7/19      AC:  2    Str: 11    XL:     2   Next: 58%
Magic:  3/3        EV: 15    Int: 10    God:    Wu Jian [**....]
Gold:   0          SH:  0    Dex: 28    Spells: 1/1 levels left

rFire   . . .      SeeInvis .   y - +11 plutonium sword {Contam Stlth-}
rCold   . . .      Faith    .   (shield currently unavailable)
rNeg    . . .      Spirit   .   b - +0 robe
rPois   .          Reflect  .   (helmet restricted)
rElec   .          Harm     .   (no cloak)
rCorr   .          Rampage  .   (no gloves)
Will    .....      NoTele   +   (boots unavailable)
Stlth   ++........              (no amulet)
HPRegen 0.06/turn               u - +6 ring of dexterity
MPRegen 0.08/turn               v - +6 ring of dexterity

@: no status effects
A: beak, talons 3
a: Renounce Religion, Wall Jump


You were in the Dungeon.
You worshipped Wu Jian.
Wu Jian was pleased with you.
You visited 1 branch

Inventory:

Hand Weapons
 y - the +11 plutonium sword (weapon) {Contam Stlth-}
   (You found it in the Dungeon)

   It occasionally inflicts wild transmutation effects on those it strikes,
   inflicting malmutation or extra damage, or polymorphing them into a new form.
   Contam:    It causes magical contamination when unequipped.
   Stlth:     It makes you less stealthy.
Armour
 b - a +0 robe (worn)
Jewellery
 u - a +6 ring of dexterity (left hand)
 v - a +6 ring of dexterity (right hand)
Wands
 t - a wand of mindburst (7)
 w - a wand of iceblast (7)
 x - a wand of acid (7)
Scrolls
 i - 4 scrolls of blinking
 o - 4 scrolls of amnesia
 p - 7 scrolls of fog
 q - a scroll of holy word
 r - 5 scrolls of identify
 s - 2 scrolls of fear
Potions
 c - a potion of ambrosia
 d - 10 potions of curing
 e - 10 potions of heal wounds
 f - 6 potions of haste
 g - 7 potions of magic
 h - 3 potions of berserk rage
 j - 2 potions of brilliance
 k - 2 potions of invisibility
 l - 4 potions of resistance
 n - 5 potions of might


   Skills:
 + Level 3.2 Fighting
 + Level 9.0 Long Blades
 + Level 3.5 Dodging
 - Level 2.0 Stealth


You had one spell level left.
You didn't know any spells.
Your spell library was empty.

Dungeon Overview and Level Annotations

Branches:
Dungeon (1/1)

Altars:
Ashenzari
Cheibriados
Dithmenos
Elyvilon
Fedhas
Gozag
Hepliaklqana
Kikubaaqudgha
Makhleb
Nemelex Xobeh
Okawaru
Qazlal
Ru
Sif Muna
Trog
Uskayaw
Vehumet
Wu Jian
Xom
Yredelemnul
Zin
The Shining One
Beogh
Jiyva
Lugonu

Annotations:
D 1 transporter


Innate Abilities, Weirdness & Mutations

You have a beak for a mouth.
You have claws for feet.


Message History

y - the +11 plutonium sword (weapon)
{Contam Stlth-} You drop a +0 falchion.
There is a staircase leading out of the dungeon here.
There is a transporter here.
Welcome to arena 1.
You enter the transporter and appear at another place.
An adder and a ball python come into view.
The ball python hisses angrily.
The adder hisses angrily.
Found a +1 short sword of draining and a phial of floods.
Found a transporter.
Unknown command.
You slice the adder!!
You kill the adder!
The Council accepts your kill. The ball python barely misses you. x2
Your Long Blades skill increases to level 9!
Unknown command.
You chop the ball python into pieces!!!
You kill the ball python!
The Council accepts your kill.
Unknown command.
No target in view!
Unknown command.
No target in view!
Unknown command.
There is a transporter here.
Welcome to arena 2.
You enter the transporter and appear at another place. 3 spriggans come into view.
The spriggan shouts! x3
Found three items.
Found a transporter.
Unknown command.
Unknown command.
You lunge at the spriggan.
You closely miss the spriggan. Your kick misses the spriggan.
The spriggan hits you with a +0 short sword!
Ouch! That really hurt!
The spriggan hits you with a +0 rapier. The spriggan hits you with a +0 dagger!
Ouch! That really hurt!
You die...

▓▓▓▓▓▓▓▓▓▓▓▓▓
▓.8©8.▓.8©8.▓
▓.=}:.▓.....▓
▓.....▓.}.).▓
▓.....▓.....▓
▓.iii.▓.....▓
▓..@..▓..©..▓
▓..©..▓▓▓▓▓▓▓
▓▓▓▓▓▓▓


You could see 3 spriggans.

Vanquished Creatures
  An adder (D)
  A ball python (D)
2 creatures vanquished.

Notes
Turn   | Place    | Note
-------+----------+-------------------------------------------
     0 | D        | HendSelp the Tengu Monk began the quest for the Orb.
     0 | D        | Reached XP level 1. HP: 14/14 MP: 2/2
     0 | D        | Found a shimmering blue altar of Sif Muna.
     0 | D        | Found a sacrificial altar of Ru.
     0 | D        | Found a bloodstained altar of Trog.
     0 | D        | Found a stormy altar of Qazlal.
     0 | D        | Found an iron altar of Okawaru.
     0 | D        | Found a sparkling altar of Nemelex Xobeh.
     0 | D        | Found a blossoming altar of Fedhas.
     0 | D        | Found the +6 Majin-Bo {vamp, MP+6 Int+6}
     0 | D        | Found the +9 heavy crossbow "Sniper" {vorpal, Acc+∞ SInv}
     0 | D        | Found the +10 dark maul {vorpal}
     0 | D        | Found the +15 Maxwell's patent armour {-Cast -Tele rElec
                  | Will+ rCorr}
     0 | D        | Found the +18 shield of the Gong {rElec rN+ Will+ EV-5}
     0 | D        | Found the +14 obsidian axe {vorpal, Mesm Drain Fly SInv}
     0 | D        | Found the +7 great mace "Firestarter" {inner flame, rF++}
     0 | D        | Found the +6 shillelagh "Devastator" {shatter}
     0 | D        | Found the +11 plutonium sword {Contam Stlth-}
     0 | D        | Found the +8 lance "Wyrmbane" {slay drac, rPois rF+ rC+
                  | AC+3}
     0 | D        | Found the +9 sword of Zonguldrok {reap}
     0 | D        | Found the +13 scythe of Curses {drain, Drain}
     0 | D        | Found the +5 sword of Power {vorpal}
     0 | D        | Found the +7 mace of Variability {chain chaos}
     0 | D        | Found the +7 Singing Sword {vorpal, sonic wave}
     0 | D        | Found the +8 storm bow {elec, penet}
     2 | D        | Found a transporter.
     2 | D        | Found an ancient bone altar of Kikubaaqudgha.
     2 | D        | Found a viscous altar of Jiyva.
     2 | D        | Found a corrupted altar of Lugonu.
     2 | D        | Found a hazy altar of Hepliaklqana.
     2 | D        | Found a burning altar of Makhleb.
     2 | D        | Found an opulent altar of Gozag.
    56 | D        | Became a worshipper of the Wu Jian Council
    56 | D        | Reached * piety under Wu Jian
    56 | D        | Reached ** piety under Wu Jian
    57 | D        | Reached skill level 8 in Long Blades
    57 | D        | Reached XP level 2. HP: 19/19 MP: 3/3
    76 | D        | Entered arena 2.
    76 | D        | Found a transporter.
    78 | D        | Reached skill level 9 in Long Blades
    84 | D        | Entered arena 3.
    84 | D        | Noticed a spriggan
    84 | D        | Noticed a spriggan
    84 | D        | Noticed a spriggan
    84 | D        | Found a transporter.
    86 | D        | Mangled by a spriggan

Illustrated notes

Levels and vault maps discovered:
D:        sprint_v [room_start, room_1, room_2, room_3, room_4, room_5, room_6,
          room_7, room_8, room_9, room_10, room_11, room_12, room_13, room_14,
          room_15, room_16, room_17, room_18, room_19, room_20, room_21,
          room_22, room_23, room_24, room_25, room_26, room_27]

Skill      XL: |  1  2 |
---------------+-------+-----
Long Blades    | 8 9 |  9.0
Fighting       | |  3.2
Dodging        | |  3.5
Stealth        | |  2.0

Action                   || total
-------------------------++-------
Melee: Triple sword      ||     3
Invok: Lunge             ||     1
  Use: Potion            ||     1
Dodge: Dodged            ||     2

Table legend: (Time is in decaauts)
 A = Elapsed time spent in this place.
 B = Non-inter-level travel time spent in this place.
 C = Inter-level travel time spent in this place.
 D = Time resting spent in this place.
 E = Time spent auto-exploring this place.
 F = Levels seen in this place.
 G = Mean time per level.
                   A        B        C        D        E       F      G
               +--------+--------+--------+--------+--------+-----+--------+
         Total |     85 |     70 |     15 |      0 |     19 |   1 |   85.0 |
       Dungeon |     85 |     70 |     15 |      0 |     19 |   1 |   85.0 |
               +--------+--------+--------+--------+--------+-----+--------+

Top non-repeatable levels by time:
       D: 85 daAuts
